AAA
MOLINE PLOWBOYS @ SYRACUSE CHIEFS
05/06/1980
 
TOP OF THE 1ST
Moline Plowboys batting - Pitching for Syracuse Chiefs : RHP Mark Fidrych
Pitching: RHP Mark Fidrych
Batting: LHB Steve Hovley 0-0: Called Strike
0-1: Ball
1-1: Swinging Strike
1-2: Ball
2-2: Ball
3-2: Base on Balls
Batting: LHB Tony Muser 0-0: Called Strike
0-1: Bunted foul
0-2: Ball
1-2: Grounds into double play, 4-6-3 (Groundball, 4, EV 88.1 MPH)
Batting: LHB Mike Jorgensen 0-0: Foul Ball, location: 2RF
0-1: Foul Ball, location: 7LSF
0-2: Ball
1-2: Ball
2-2: SINGLE (Groundball, 56D, EV 101.3 MPH)
Batting: RHB Jerry DaVanon 0-0: Ball
1-0: Fielders Choice at 2nd, 6-4 (Groundball, 6, EV 86.3 MPH)
Top of the 1st over - 0 runs, 1 hit, 0 errors, 1 left on base; Moline 0 - Syracuse 0
BOTTOM OF THE 1ST
Syracuse Chiefs batting - Pitching for Moline Plowboys : RHP Steve Busby
Pitching: RHP Steve Busby
Batting: LHB William Metil 0-0: Ball
1-0: Swinging Strike
1-1: SINGLE (Groundball, 34D, EV 93.8 MPH)
Batting: LHB Greg Jemison 0-0: Called Strike
0-1: Foul Ball, location: 5SF
0-2: Strikes out swinging
Batting: RHB Dick Davis 0-0: Ball
William Metil steals 2nd base (no throw)
1-0: Fly out, F7 (Flyball, 7, EV 94.4 MPH)
Batting: LHB Brock Davis 0-0: Ball
1-0: Ball
2-0: Ball
3-0: Called Strike
3-1: Foul Ball, location: 2F
3-2: SINGLE (Groundball, 6MD, EV 104.4 MPH)
William Metil to third
Throwing error, E8
William Metil scores
Brock Davis to second
Batting: RHB Randall Thomas 0-0: Ball
1-0: Swinging Strike
1-1: Called Strike
1-2: Strikes out swinging
Bottom of the 1st over - 1 run, 2 hits, 1 error, 1 left on base; Moline 0 - Syracuse 1
TOP OF THE 2ND
Moline Plowboys batting - Pitching for Syracuse Chiefs : RHP Mark Fidrych
Pitching: RHP Tommie Sheppard
Batting: LHB Bill Fahey 0-0: Called Strike
0-1: SINGLE (Groundball, 56D, EV 96.9 MPH)
Batting: LHB Rich Chiles 0-0: Called Strike
0-1: Foul Ball, location: 25F
0-2: Ball
1-2: Fly out, F7 (Line Drive, 7D, EV 85.6 MPH)
Batting: RHB Fernando Gonzalez 0-0: Foul Ball, location: 2F
0-1: Ball
1-1: Grounds into double play, 4-6-3 (Groundball, 34, EV 86.3 MPH)
Top of the 2nd over - 0 runs, 1 hit, 0 errors, 0 left on base; Moline 0 - Syracuse 1
BOTTOM OF THE 2ND
Syracuse Chiefs batting - Pitching for Moline Plowboys : RHP Steve Busby
Batting: LHB Phil Mankowski 0-0: Ball
1-0: SINGLE (Flyball, 8LS, EV 91.9 MPH)
Batting: RHB Juan Lebron 0-0: Swinging Strike
0-1: Bunted foul
0-2: Ball
1-2: Ball
2-2: Fly out, F9 (Flyball, 89M, EV 88.8 MPH)
Batting: SHB Mike Miley 0-0: Ball
1-0: Called Strike
1-1: Ball
2-1: Swinging Strike
2-2: Ball
3-2: Fly out, F7 (Flyball, 7S, EV 86.9 MPH)
Batting: RHB Tommie Sheppard 0-0: Foul Ball, location: 9LMF
0-1: Foul Ball, location: 5F
0-2: Ball
1-2: Ball
2-2: Strikes out swinging
Bottom of the 2nd over - 0 runs, 1 hit, 0 errors, 1 left on base; Moline 0 - Syracuse 1
TOP OF THE 3RD
Moline Plowboys batting - Pitching for Syracuse Chiefs : RHP Tommie Sheppard
Batting: LHB Jim Unknown 0-0: Ball
1-0: Called Strike
1-1: Called Strike
1-2: Foul Ball, location: 2F
1-2: Foul Ball, location: 5F
1-2: Fly out, F8 (Flyball, 8RS, EV 83.8 MPH)
Batting: RHB Steve Busby 0-0: Ball
1-0: Called Strike
1-1: Called Strike
1-2: Strikes out swinging
Batting: LHB Steve Hovley 0-0: Called Strike
0-1: Ball
1-1: Fly out, F3 (Line Drive, 3, EV 65.6 MPH)
Top of the 3rd over - 0 runs, 0 hits, 0 errors, 0 left on base; Moline 0 - Syracuse 1
BOTTOM OF THE 3RD
Syracuse Chiefs batting - Pitching for Moline Plowboys : RHP Steve Busby
Batting: LHB William Metil 0-0: Ground out 4-3 (Groundball, 4, EV 85.6 MPH)
Batting: LHB Greg Jemison 0-0: Called Strike
0-1: Ball
1-1: Foul Ball, location: 7LDF
1-2: Ball
2-2: Strikes out swinging
Batting: RHB Dick Davis 0-0: Ball
1-0: Ball
2-0: Foul Ball, location: 2F
2-1: Called Strike
2-2: Fly out, F7 (Flyball, 7, EV 91.3 MPH)
Bottom of the 3rd over - 0 runs, 0 hits, 0 errors, 0 left on base; Moline 0 - Syracuse 1
TOP OF THE 4TH
Moline Plowboys batting - Pitching for Syracuse Chiefs : RHP Tommie Sheppard
Batting: LHB Tony Muser 0-0: Called Strike
0-1: Swinging Strike
0-2: Ground out 3-1 (Groundball, 34, EV 83.8 MPH)
Batting: LHB Mike Jorgensen 0-0: Ball
1-0: Foul Ball, location: 2LF
1-1: Ball
2-1: Ground out 5-3 (Groundball, 56, EV 103.8 MPH)
Batting: RHB Jerry DaVanon 0-0: Ball
1-0: Ball
2-0: Foul Ball, location: 9LSF
2-1: Ball
3-1: Base on Balls
Batting: LHB Bill Fahey 0-0: Called Strike
0-1: Ball
1-1: Ball
2-1: SINGLE (Groundball, 6MD, EV 96.3 MPH)
Jerry DaVanon to second
Runner from 2nd tries for 3rd, SAFE, throw by CF made to third
Batting: LHB Rich Chiles 0-0: Ball
1-0: Ball
2-0: Called Strike
2-1: Ground out 4-3 (Groundball, 4, EV 85.0 MPH)
Top of the 4th over - 0 runs, 1 hit, 0 errors, 2 left on base; Moline 0 - Syracuse 1
BOTTOM OF THE 4TH
Syracuse Chiefs batting - Pitching for Moline Plowboys : RHP Steve Busby
Batting: LHB Brock Davis 0-0: Swinging Strike
0-1: Ball
1-1: Ground out 3-1 (Groundball, 34, EV 100.6 MPH)
Batting: RHB Randall Thomas 0-0: Ball
1-0: Fly out, F6 (Popup, 6, EV 63.1 MPH)
Batting: LHB Phil Mankowski 0-0: Ball
1-0: Ground out U3 (Groundball, 3, EV 89.4 MPH)
Bottom of the 4th over - 0 runs, 0 hits, 0 errors, 0 left on base; Moline 0 - Syracuse 1
TOP OF THE 5TH
Moline Plowboys batting - Pitching for Syracuse Chiefs : RHP Tommie Sheppard
Batting: RHB Fernando Gonzalez 0-0: Fly out, F4 (Popup, 23, EV 86.3 MPH)
Batting: LHB Jim Unknown 0-0: Ball
1-0: Ball
2-0: Swinging Strike
2-1: Ball
3-1: Fly out, F4 (Popup, 4S, EV 73.1 MPH)
Batting: RHB Steve Busby 0-0: DOUBLE (Line Drive, 89D, EV 99.4 MPH)
Batting: LHB Steve Hovley 0-0: Ball
1-0: Swinging Strike
1-1: Called Strike
1-2: Foul Ball, location: 9LMF
1-2: Ball
2-2: Ground out 4-3 (Groundball, 4M, EV 92.5 MPH)
Top of the 5th over - 0 runs, 1 hit, 0 errors, 1 left on base; Moline 0 - Syracuse 1
BOTTOM OF THE 5TH
Syracuse Chiefs batting - Pitching for Moline Plowboys : RHP Steve Busby
Batting: RHB Juan Lebron 0-0: Called Strike
0-1: Fly out, F7 (Flyball, 7S, EV 95.0 MPH)
Batting: SHB Mike Miley 0-0: Ball
1-0: Called Strike
1-1: Ball
2-1: Ball
3-1: Called Strike
3-2: Foul Ball, location: 5F
3-2: Base on Balls
Batting: RHB Tommie Sheppard 0-0: Bunt - Flyout to 23! F3
Batting: LHB William Metil 0-0: Foul Ball, location: 2F
0-1: Ground out 4-3 (Groundball, 34S, EV 83.1 MPH)
Bottom of the 5th over - 0 runs, 0 hits, 0 errors, 1 left on base; Moline 0 - Syracuse 1
TOP OF THE 6TH
Moline Plowboys batting - Pitching for Syracuse Chiefs : RHP Tommie Sheppard
Batting: LHB Tony Muser 0-0: Ground out 1-3 (Groundball, P, EV 69.4 MPH)
Batting: LHB Mike Jorgensen 0-0: Ball
1-0: Called Strike
1-1: DOUBLE (Flyball, 8RXD, EV 97.5 MPH)
Pitching: LHP Don Hood
Batting: RHB Jerry DaVanon 0-0: Called Strike
0-1: Ball
1-1: Swinging Strike
1-2: Ball
2-2: Foul Ball, location: 2F
2-2: Ball
3-2: Ground out 1-3 (Groundball, 15S, EV 66.9 MPH)
Batting: LHB Bill Fahey 0-0: Called Strike
0-1: Ball
1-1: Foul Ball, location: 3DF
1-2: Strikes out looking
Top of the 6th over - 0 runs, 1 hit, 0 errors, 1 left on base; Moline 0 - Syracuse 1
BOTTOM OF THE 6TH
Syracuse Chiefs batting - Pitching for Moline Plowboys : RHP Steve Busby
Batting: LHB Greg Jemison 0-0: Foul Ball, location: 3FF
0-1: Ball
1-1: Foul Ball, location: 2F
1-2: Ground out 4-3 (Groundball, 4M, EV 83.1 MPH)
Batting: RHB Dick Davis 0-0: Ball
1-0: Swinging Strike
1-1: Ball
2-1: Foul Ball, location: 2F
2-2: SINGLE (Line Drive, 56, EV 107.5 MPH)
Batting: LHB Brock Davis 0-0: Fielders Choice at 2nd, 6-4 (Groundball, 6, EV 87.5 MPH)
Batting: RHB Randall Thomas 0-0: Foul Ball, location: 5SF
0-1: Ground out U3 (Groundball, 3L, EV 78.8 MPH)
Bottom of the 6th over - 0 runs, 1 hit, 0 errors, 1 left on base; Moline 0 - Syracuse 1
TOP OF THE 7TH
Moline Plowboys batting - Pitching for Syracuse Chiefs : LHP Don Hood
Batting: LHB Rich Chiles 0-0: Ground out 4-3 (Groundball, 34, EV 101.3 MPH)
Batting: RHB Fernando Gonzalez 0-0: Called Strike
0-1: Fly out, F9 (Line Drive, 9, EV 95.6 MPH)
Batting: LHB Jim Unknown 0-0: Ground out U3 (Groundball, 3L, EV 86.9 MPH)
Top of the 7th over - 0 runs, 0 hits, 0 errors, 0 left on base; Moline 0 - Syracuse 1
BOTTOM OF THE 7TH
Syracuse Chiefs batting - Pitching for Moline Plowboys : RHP Steve Busby
Batting: LHB Phil Mankowski 0-0: Ball
1-0: Ball
2-0: Ball
3-0: Called Strike
3-1: Base on Balls
Batting: RHB Juan Lebron 0-0: SINGLE (Groundball, 6MD, EV 104.4 MPH)
Phil Mankowski to second
Batting: SHB Mike Miley 0-0: Sac Bunt to 15S - play at first, batter OUT! 1-4
Phil Mankowski to third
Juan Lebron to second
Pinch Hitting: LHB John Doherty 0-0: Called Strike
0-1: Ball
1-1: Called Strike
1-2: Foul Ball, location: 25FF
1-2: Ball
2-2: Ground out 4-3 (Groundball, 4, EV 88.1 MPH)
Batting: LHB William Metil 0-0: Ball
1-0: Ground out 6-3 (Groundball, 6, EV 98.8 MPH)
Bottom of the 7th over - 0 runs, 1 hit, 0 errors, 2 left on base; Moline 0 - Syracuse 1
TOP OF THE 8TH
Moline Plowboys batting - Pitching for Syracuse Chiefs : LHP Don Hood
Pitching: LHP Terry Forster
Batting: RHB Steve Busby 0-0: Ground out 5-3 (Groundball, 5, EV 90.6 MPH)
Pinch Hitting: RHB Joe Rudi 0-0: Ball
1-0: SINGLE (Line Drive, 8RS, EV 91.9 MPH)
Batting: LHB Tony Muser 0-0: Called Strike
0-1: Ball
1-1: Fielders Choice at 2nd, 1-6 (Groundball, 34S, EV 60.0 MPH)
Batting: LHB Mike Jorgensen 0-0: Called Strike
0-1: Ball
1-1: Fly out, F6 (Popup, 15, EV 86.3 MPH)
Top of the 8th over - 0 runs, 1 hit, 0 errors, 1 left on base; Moline 0 - Syracuse 1
BOTTOM OF THE 8TH
Syracuse Chiefs batting - Pitching for Moline Plowboys : RHP Steve Busby
Now at 1B: Mike Jorgensen
Now in RF: Joe Rudi
Batting: LHB Greg Jemison 0-0: Called Strike
0-1: Ball
1-1: Ball
2-1: SINGLE (Flyball, 3D, EV 90.0 MPH)
Batting: RHB Dick Davis 0-0: Foul Ball, location: 25FF
0-1: Swinging Strike
0-2: Ball
1-2: Ball
2-2: DOUBLE (Line Drive, 8LXD, EV 104.4 MPH)
Greg Jemison to third
Runner from 3rd tries for Home, SAFE, no throw by CF
Batting: LHB Brock Davis 0-0: Intentional Walk
Batting: RHB Randall Thomas 0-0: Ball
1-0: Fielders Choice at 2nd, 3-6 (Groundball, 34, EV 103.8 MPH)
Dick Davis to third
Batting: LHB Phil Mankowski 0-0: SINGLE (Groundball, 4MD, EV 101.9 MPH)
Dick Davis scores
Randall Thomas to second
Runner from 2nd tries for 3rd, OUT! 8-5
Phil Mankowski to second
Batting: RHB Juan Lebron 0-0: Ball
1-0: Ball
2-0: Reached via error on a dropped throw from 1B, E1 (Groundball, 34, EV 110.6 MPH)
Phil Mankowski to third
Batting: SHB Mike Miley 0-0: Ball
1-0: Ball
Wild Pitch!
Phil Mankowski scores
Juan Lebron to second
2-0: Ball
3-0: Base on Balls
Batting: LHB Terry Forster 0-0: Called Strike
0-1: Ball
1-1: Called Strike
1-2: Ball
2-2: Strikes out swinging
Bottom of the 8th over - 3 runs, 3 hits, 1 error, 2 left on base; Moline 0 - Syracuse 4
TOP OF THE 9TH
Moline Plowboys batting - Pitching for Syracuse Chiefs : LHP Terry Forster
Batting: RHB Jerry DaVanon 0-0: Ball
1-0: TRIPLE (Flyball, 8RXD, EV 101.3 MPH)
Batting: LHB Bill Fahey 0-0: SINGLE (Groundball, 15, EV 88.1 MPH) (infield hit)
Jerry DaVanon scores
Batting: LHB Rich Chiles 0-0: Grounds into double play, 4-6-3 (Groundball, 4, EV 93.8 MPH)
Batting: RHB Fernando Gonzalez 0-0: Ball
1-0: Foul Ball, location: 9LDF
1-1: Called Strike
1-2: Strikes out swinging
Top of the 9th over - 1 run, 2 hits, 0 errors, 0 left on base; Moline 1 - Syracuse 4
Saturday, December 30th , 2023 - OOTP Baseball 24.11 Build 85